Map: Blackpink LE

Players

JimRising

  • Race: Zerg Zerg
  • League: Grandmaster
  • Spawn Location: 7:00

Scarlett - Winner!

  • Race: Zerg Zerg
  • League: Master
  • Spawn Location: 1:00

VOD

Have the link to the VOD?

Description

Time

  • Played on: Feb. 2, 2018, 6:48 p.m.
  • Length: 7:27
Show
View Real Time Build Order
Export as new Build Order

JimRising Zerg 

Build Orders: Pool First 

Get SALT Encoding   

  12  0:01  Drone  
  13  0:13  Overlord  
  13  0:18  Drone  
  14  0:32  Drone x2  
  17  0:35  Drone  
  17  0:46  Spawning Pool  
  17  0:48  Drone  
  17  0:58  Drone  
  17  1:02  Extractor  
  17  1:13  Drone  
  18  1:20  Hatchery  
  17  1:29  Drone  
  18  1:32  Queen  
  18  1:35  Zergling x2  
  21  1:43  Overlord  
  21  1:52  Drone  
  22  2:10  Drone  
  22  2:11  Queen  
  22  2:12  Metabolic Boost  
  22  2:13  Drone  
  26  2:26  Drone  
  27  2:35  Drone x2  
  29  2:42  Drone, Zergling x4  
  29  2:44  Drone  
  33  2:48  Drone  
  34  2:58  Hatchery, Zergling x2  
  33  3:01  Drone  
  34  3:10  Overlord, Zergling x2  
  35  3:17  Overlord  
  35  3:18  Zergling x2  
  36  3:21  Overlord  
  36  3:35  Roach Warren  
  36  3:39  Overlord x2  
  35  3:42  Zergling x8  
  38  4:03  Overlord  
  37  4:16  Roach x7  
  48  4:18  Zergling x6  
  48  4:21  Roach  
  53  4:24  Roach  
  53  4:27  Zergling x2  
  54  4:32  Overlord  
  54  4:33  Roach  
  56  4:44  Roach x3  
  62  4:46  Roach  
  66  4:52  Roach  
  66  4:53  Roach  
  66  4:56  Roach  
  70  5:01  Roach  
  56  5:14  Roach  
  56  5:20  Roach  
  56  5:21  Zergling x12  
  56  5:27  Roach, Zergling x4  
  49  5:36  Roach  
  49  5:37  Zergling x2  
  49  5:45  Roach  
  49  5:49  Drone x3  
  54  5:51  Drone  
  54  5:55  Drone  
  56  5:59  Drone  
  57  6:11  Drone x4  
  59  6:24  Roach x2  
  60  6:32  Roach x3  
  52  6:39  Queen  
  48  6:40  Roach  
  48  6:41  Zergling x2  
  48  6:44  Zergling x2  
  50  6:49  Roach  
  50  6:50  Drone  
  50  6:51  Drone  
  55  6:54  Zergling x4  
  55  6:59  Zergling x4  
  55  7:00  Zergling x2  
  59  7:04  Roach, Zergling x2  
Show
View Real Time Build Order
Export as new Build Order

Scarlett Zerg - Winner!

Build Orders: Hatch First, Zergling Baneling 

Get SALT Encoding   

  12  0:01  Drone  
  13  0:13  Overlord  
  13  0:18  Drone  
  14  0:32  Drone x2  
  16  0:36  Drone  
  17  0:51  Hatchery  
  17  0:54  Drone  
  17  0:58  Drone  
  18  1:04  Extractor  
  17  1:13  Spawning Pool  
  17  1:16  Drone  
  17  1:20  Drone  
  18  1:29  Drone  
  19  1:41  Drone  
  20  1:50  Overlord  
  20  2:00  Queen  
  22  2:03  Queen  
  22  2:04  Metabolic Boost  
  22  2:06  Drone x2  
  26  2:13  Zergling x2  
  28  2:15  Zergling x2  
  28  2:26  Zergling x2  
  28  2:29  Zergling x2  
  30  2:38  Queen  
  30  2:39  Queen, Overlord  
  34  2:48  Drone  
  35  2:57  Drone  
  36  2:59  Drone x3  
  39  3:06  Drone  
  39  3:08  Drone x2  
  39  3:10  Overlord  
  39  3:12  Drone x2  
  44  3:18  Overlord  
  44  3:25  Overlord  
  44  3:32  Drone x2  
  46  3:37  Zergling x4  
  47  3:42  Zergling x2  
  47  3:44  Baneling Nest  
  47  3:45  Zergling x2  
  48  3:49  Zergling x12  
  54  4:02  Hatchery  
  53  4:09  Zergling x8  
  52  4:17  Zergling x2  
  52  4:22  Zergling x8  
  57  4:31  Zergling x2  
  58  4:35  Baneling x4  
  58  4:39  Zergling x8  
  58  4:43  Baneling x9  
  58  4:45  Zergling x2  
  63  4:49  Zergling x2  
  63  4:51  Overlord  
  63  4:52  Zergling x4  
  66  4:59  Zergling x4  
  67  5:02  Overlord  
  58  5:15  Zergling x10  
  57  5:22  Zergling x2  
  57  5:25  Zergling x2  
  48  5:31  Zergling x10  
  45  5:41  Roach Warren  
  41  5:44  Zergling x2  
  41  5:45  Zergling x8  
  41  5:49  Zergling x2  
  45  5:54  Baneling x8  
  45  5:56  Zergling x4  
  48  6:01  Zergling x2  
  49  6:06  Zergling x4  
  51  6:25  Zergling x16  
  54  6:31  Zergling x8  
  52  6:39  Zergling x6  
  51  6:46  Drone x3  
  54  7:00  Drone x5  
Tags
 
Add a new tag
Caveats
  • Supply blocks, unpowered buildings, or Contaminate may cause inaccurate times.
  • Supply counts are checked every 10 seconds.